 Dungeon Crawl Stone Soup version 0.16.1-16-gc44b35d (webtiles) character file.

1418 ventricule the Carver (level 9, -2/57 HPs)
             Began as a Formicid Chaos Knight on Apr 17, 2015.
             Slain by an octopode (glowing shapeshifter) (6 damage)
             ... on level 5 of the Dungeon.
             The game lasted 00:11:50 (5293 turns).

ventricule the Carver (Formicid Chaos Knight)       Turns: 5293, Time: 00:11:52

Health: -2/57      AC:  7    Str: 22    XL:     9   Next: 2%
Magic:  12/12      EV: 10    Int: 10    God:    Xom [..*...]
Gold:   121        SH: 11    Dex: 11    Spells: 0 memorised, 8 levels left

rFire  + . .     SeeInvis +     a - +0 falchion (chaos)
rCold  . . .     Clarity  .     b - +3 leather armour
rNeg   . . .     SustAb   .     n - +0 shield
rPois  .         Gourm    .     (helmet unavailable)
rElec  .         Spirit   .     s - +0 cloak
rCorr  .         Warding  .     (no gloves)
rMut   .         Stasis   +     (no boots)
MR     .....                    (no amulet)
Stlth  +.........               (no ring)
                                t - ring of protection from fire

@: mighty, constricted, not resistant to hostile enchantments, very unstealthy
A: permanent stasis, dig shafts and tunnels, four strong arms, antennae 3,
blurry vision 1, clumsy 1, deterioration 1, dopey 1, frail 1, screaming 1
a: Dig, Shaft Self, Renounce Religion


You were on level 5 of the Dungeon.
You worshipped Xom.
You were a toy of Xom.
You were not hungry.

You visited 1 branch of the dungeon, and saw 5 of its levels.

You collected 226 gold pieces.
You spent 105 gold pieces at shops.


Innate Abilities, Weirdness & Mutations

You are under a permanent stasis effect.
You can dig through walls and to a lower floor.
Your four strong arms can wield two-handed weapons with a shield.
You have a pair of large antennae on your head (SInv).
Scrolls take you a little longer to read.
You are clumsy. (Dex -2)
Your body is slowly deteriorating.
You are dopey. (Int -2)
You are frail (-10% HP).
You occasionally shout uncontrollably at your foes.


   Skills:
 - Level 3.2 Fighting
 + Level 9.0 Long Blades
 - Level 2.1 Armour
 - Level 0.8 Dodging
 + Level 7.1 Shields


You had 8 spell levels left.
You didn't know any spells.

Inventory:

Hand weapons
 a - a +0 falchion of chaos (weapon)
 v - a cursed -1 blowgun
Missiles
 h - 2 steel javelins (quivered)
 q - 4 tomahawks
 x - 17 poisoned needles
Armour
 b - a +3 leather armour (worn)
 n - a +0 shield (worn)
 s - a +0 cloak (worn)
Jewellery
 j - a ring of ice
 t - a ring of protection from fire (left hand)
Magical devices
 i - a wand of polymorph (12)
 l - a wand of confusion (22)
 r - a wand of random effects (25)
Scrolls
 e - a scroll of blinking
 g - a scroll of identify {@r1}
 k - a scroll of enchant armour
 o - a scroll of teleportation {@r4}
 w - 2 scrolls of remove curse
Potions
 d - 3 potions of curing {@q1}
 m - 2 potions of might {unknown}
 p - 2 potions of restore abilities {unknown}
 u - a potion of agility {unknown}
 z - a potion of cure mutation {unknown}
 A - a potion of cancellation {unknown}
Books
 y - a Necronomicon {highlevel, unknown}
 B - Xom's Catalogue of Reason
   (Xom gifted it to you on level 5 of the Dungeon)

   Spells                             Type                      Level
   a - Shock                          Conjuration/Air              1
   b - Swiftness                      Charms/Air                   2
   c - Mephitic Cloud                 Conjuration/Poison/Air       3
   d - Lightning Bolt                 Conjuration/Air              5
   e - Silence                        Hexes/Air                    5
Comestibles
 c - 4 bread rations
 f - a meat ration

Dungeon Overview and Level Annotations

Branches:
Dungeon (5/15)
 Temple: D:4-7

Altars:
Dithmenos
Ru

Shops:
D:4

* #.#.....#.#
#.#...#.#.#
#.###)#.#.# ######
#.....>.#.#
......########.#.#
..........)......##
..........#.###...<#
...........#.#)#####
..........#a#.##
......###x####
.........s..#
............#
...........#
#.........#
.........# #########


You could see an octopode shaped shifter (berserk) and a jumping spider shaped
shifter.


Message History

You block the unseen horror's attack.
The unseen horror hits you but does no damage.
The unseen horror hits you.
The unseen horror changes into a jumping spider!
You slice the jumping spider!!
The jumping spider is severely wounded.
The octopode falls off the wall.
The jumping spider changes into an octopode!
You slash the octopode!
The octopode is duplicated!
The octopode is moderately wounded.
You slash the octopode!
The octopode goes berserk!
The octopode is heavily wounded.
The octopode changes into a jumping spider!
The octopode tentacle-slaps you!! You block the octopode's attack.
Use which ability? (? or * to list) Are you sure you want to shaft yourself?
You feel quite a bit more hungry. The octopode tentacle-slaps you!!
* * * LOW HITPOINT WARNING * * *
The octopode grabs you.
You stop digging.
* * * LOW HITPOINT WARNING * * *
The octopode constricts you. The octopode closely misses you.
* * * LOW HITPOINT WARNING * * *
The octopode constricts you.
Drink which item? (? for menu, Esc to quit)
Okay, then.
You completely miss the octopode.
The octopode is heavily wounded.
The octopode tentacle-slaps you.
You die...
Xom snickers!

Action                   |  1- 3 |  4- 6 |  7- 9 || total
-------------------------+-------+-------+-------++-------
Melee: Falchion          |    48 |   156 |   328 ||   532
 Abil: Dig               |       |     1 |    10 ||    11
       Shaft Self        |       |       |     1 ||     1
Evoke: Wand              |       |     1 |       ||     1
  Use: Scroll            |       |     4 |     5 ||     9
 Stab: Paralysed         |     2 |       |     5 ||     7
       Confused          |       |       |     2 ||     2
       Distracted        |       |       |     2 ||     2
       Petrified         |       |       |     2 ||     2
       Petrifying        |       |       |     1 ||     1
  Eat: Chunk             |       |     4 |     7 ||    11
       Beef jerky        |       |     1 |       ||     1
       Meat ration       |       |       |     1 ||     1

Vault maps used:
D:1:      kb_arrival_jail, minmay_misc_feat_secret_circle
D:2:      first_bread, nicolae_ru_great_annihilating_truth, uniq_sigmund,
          uniq_jessica
D:3:      kennysheep_decorative_pillar, grunt_dithmenos_smoke,
          uniq_crazy_yiuf_cottage, uniq_terence
D:4:      serial_shops, nicolae_shop_statue_plus
D:5:      uniq_prince_ribbit1, uniq_pikel, uniq_edmund

Notes
Turn   | Place    | Note
--------------------------------------------------------------
     0 | D:1      | ventricule, the Formicid Chaos Knight, began the quest for the Orb.
     0 | D:1      | Reached XP level 1. HP: 18/18 MP: 1/1
     2 | D:1      | Noticed an ogre
     2 | D:1      | Noticed a demonspawn
     4 | D:1      | Noticed a troll
     4 | D:1      | Noticed a spriggan
     6 | D:1      | Noticed a felid
     6 | D:1      | Noticed a draconian
     8 | D:1      | Noticed a tengu
    10 | D:1      | Noticed a ghoul
    10 | D:1      | Noticed a naga
    12 | D:1      | Noticed a vine stalker
    14 | D:1      | Noticed a centaur
    16 | D:1      | Noticed a minotaur
    16 | D:1      | Noticed a dwarf
    18 | D:1      | Noticed a gargoyle
    20 | D:1      | Noticed an octopode
    20 | D:1      | Noticed a vampire
    22 | D:1      | Noticed a human
    22 | D:1      | Noticed an elf
    24 | D:1      | Noticed a formicid
    26 | D:1      | Noticed a merfolk
    26 | D:1      | Noticed a demigod
   147 | D:1      | Reached XP level 2. HP: 21/24 MP: 3/3
   452 | D:2      | Found a sacrificial altar of Ru.
   461 | D:2      | Reached skill level 4 in Long Blades
   461 | D:2      | Reached XP level 3. HP: 24/29 MP: 4/4
   476 | D:2      | Reached XP level 4. HP: 25/35 MP: 5/5
   675 | D:2      | XOM: divination: detect items
   739 | D:2      | Noticed Jessica
   743 | D:2      | Killed Jessica
   743 | D:2      | Reached skill level 5 in Long Blades
   862 | D:2      | Reached XP level 5. HP: 28/41 MP: 7/7
  1149 | D:2      | XOM: harmless Erth miscast
  1385 | D:2      | Noticed Sigmund
  1386 | D:2      | Noticed Sigmund
  1386 | D:2      | Sigmund changed into Sigmund the porcupine
  1390 | D:2      | XOM: harmless Summ miscast
  1397 | D:2      | Killed Sigmund the porcupine
  1397 | D:2      | Reached skill level 6 in Long Blades
  1397 | D:2      | Reached XP level 6. HP: 27/47 MP: 8/8
  1422 | D:2      | XOM: harmless Ice miscast
  1551 | D:2      | XOM: colour smoke trail
  1684 | D:2      | XOM: noise
  2047 | D:3      | Found a shadowy altar of Dithmenos.
  2183 | D:3      | XOM: enchant monster (good)
  2197 | D:3      | Reached skill level 1 in Shields
  2201 | D:3      | XOM: smoke on damage
  2371 | D:3      | Noticed Terence
  2385 | D:3      | Killed Terence
  2423 | D:3      | XOM: potion effect (curing)
  2432 | D:3      | Reached skill level 7 in Long Blades
  2432 | D:3      | Reached skill level 2 in Shields
  2432 | D:3      | Reached XP level 7. HP: 22/52 MP: 9/9
  3060 | D:3      | XOM: scenery: 1 doors open
  3070 | D:3      | Reached skill level 3 in Shields
  3072 | D:3      | XOM: confusion (+ monsters)
  3115 | D:3      | XOM: give mutations
  3115 | D:3      | Gained mutation: Scrolls take you a little longer to read. [Xom's mischief]
  3115 | D:3      | Gained mutation: You are dopey. (Int -2) [Xom's mischief]
  3225 | D:3      | Noticed Crazy Yiuf
  3233 | D:3      | Killed Crazy Yiuf
  3705 | D:4      | XOM: god gift: 40 gold pieces
  4039 | D:4      | Reached skill level 4 in Shields
  4055 | D:4      | Found Yra Nast's Assorted Antiques.
  4093 | D:4      | Bought a large bone ring for 105 gold pieces
  4208 | D:4      | Reached XP level 8. HP: 46/58 MP: 11/11
  4344 | D:4      | XOM: god gift: scroll labeled HOUFEI GROA
  4514 | D:4      | XOM: give mutations
  4514 | D:4      | Gained mutation: You are clumsy. (Dex -2) [Xom's mischief]
  4514 | D:4      | Gained mutation: You are frail (-10% HP). [Xom's mischief]
  4514 | D:4      | Gained mutation: You occasionally shout uncontrollably at your foes. [Xom's mischief]
  4514 | D:4      | Gained mutation: Your body is slowly deteriorating. [Xom's mischief]
  4549 | D:4      | XOM: destruction
  4561 | D:4      | Reached skill level 8 in Long Blades
  4561 | D:4      | Reached skill level 5 in Shields
  4763 | D:5      | Entered Level 5 of the Dungeon
  4792 | D:5      | XOM: swap monsters
  4806 | D:5      | Noticed a glowing shapeshifter
  4806 | D:5      | a mottled dragon changed into a glowing shapeshifter
  4806 | D:5      | Noticed a snapping turtle
  4806 | D:5      | a glowing shapeshifter changed into a snapping turtle
  4807 | D:5      | Noticed a wolf spider
  4807 | D:5      | a snapping turtle changed into a wolf spider
  4808 | D:5      | Noticed a shining eye
  4808 | D:5      | a wolf spider changed into a shining eye
  4809 | D:5      | Noticed a wolf spider
  4809 | D:5      | a shining eye changed into a wolf spider
  4810 | D:5      | Noticed a merfolk
  4810 | D:5      | a wolf spider changed into a merfolk
  4811 | D:5      | Noticed an elephant
  4811 | D:5      | a merfolk changed into an elephant
  4814 | D:5      | Noticed a jumping spider
  4814 | D:5      | an elephant changed into a jumping spider
  4814 | D:5      | XOM: polymorph elephant -> jumping spider
  4829 | D:5      | Noticed a jumping spider
  5026 | D:5      | Noticed Prince Ribbit
  5026 | D:5      | Noticed Pikel
  5046 | D:5      | XOM: summons friendly shadow imp
  5047 | D:5      | XOM: cast spell 'Shadow Creatures'
  5058 | D:5      | Killed Pikel
  5058 | D:5      | Reached skill level 7 in Shields
  5211 | D:5      | Killed Prince Ribbit
  5211 | D:5      | Reached skill level 9 in Long Blades
  5211 | D:5      | Reached XP level 9. HP: 52/57 MP: 12/12
  5214 | D:5      | XOM: god gift: conspicuous book {god gift}
  5222 | D:5      | Identified Xom's Catalogue of Reason (Xom gifted it to you on level 5 of the Dungeon)
  5273 | D:5      | Noticed a polar bear
  5280 | D:5      | XOM: potion effect (might)
  5280 | D:5      | Noticed a troll
  5280 | D:5      | a polar bear changed into a troll
  5282 | D:5      | Noticed an unseen horror
  5282 | D:5      | a troll changed into an unseen horror
  5288 | D:5      | Noticed a jumping spider
  5288 | D:5      | an unseen horror changed into a jumping spider
  5289 | D:5      | Noticed an octopode
  5289 | D:5      | a jumping spider changed into an octopode
  5291 | D:5      | Noticed a jumping spider
  5291 | D:5      | an octopode changed into a jumping spider
  5292 | D:5      | HP: 4/57 [octopode (glowing shapeshifter) (2)]
  5293 | D:5      | Slain by an octopode (glowing shapeshifter)

Vanquished Creatures
  Pikel (D:5)
  A porcupine (D:2)
  A centaur (D:3)
  An ogre (D:4)
  2 scorpions (D:4)
  Crazy Yiuf (D:3)
  2 orc priests
  3 orc wizards
  2 hounds
  An iguana (D:4)
  2 worker ants (D:4)
  Jessica (D:2)
  Terence (D:3)
  8 adders
  A gnoll (D:2)
  A giant mite (D:4)
  4 worms
  An adder skeleton (D:4)
  A giant gecko (D:2)
  An ooze (D:4)
  11 orcs
  2 ball pythons
  3 bat skeletons
  4 giant cockroaches
  9 goblins
  12 hobgoblins
  10 jackals
  13 kobolds
  2 quokkas
  8 bats
  3 giant newts
  11 rats
124 creatures vanquished.

Vanquished Creatures (collateral kills)
  An orc priest (D:4)
1 creature vanquished.

Vanquished Creatures (others)
  Prince Ribbit (D:5)
  A slave (D:5)
  A hound (D:4)
  2 orcs
5 creatures vanquished.

Grand Total: 130 creatures vanquished
